 Dungeon Crawl Stone Soup version 0.23-a0-829-ge13c4b7 (webtiles) character file.

416590 DrEnzyme the Severer (level 22, -7/244 HPs)
             Began as a Troll Wanderer on Jan 21, 2019.
             Was the Champion of Okawaru.
             Killed from afar by a battlesphere (15 damage)
             ... created by a tengu reaver
             ... on level 5 of the Vaults on Jan 22, 2019.
             The game lasted 04:38:07 (64117 turns).

DrEnzyme the Severer (Troll Wanderer)              Turns: 64117, Time: 04:38:07

Health: -7/244     AC: 28    Str: 37    XL:     22   Next: 57%
Magic:  25/25      EV: 23    Int:  9    God:    Okawaru [******]
Gold:   844        SH: 22    Dex: 20    Spells: 21/21 levels left

rFire    + + +     SeeInvis .   u - +8 mithril axe "Arga" {speed, MR+}
rCold    + . .     Gourm    +   S - +2 shield {rF+}
rNeg     + . .     Faith    .   C - +3 fire dragon scales
rPois    +         Spirit   .   z - +2 hat {MR+}
rElec    +         Reflect  +   W - +2 cloak {MR+}
rCorr    .         Harm     .   (gloves unavailable)
MR       +++++                  (boots unavailable)
Stlth    ++........             g - +3 amulet of reflection
HPRegen  0.90/turn              r - ring of Ixkifera {rElec rPois rN+ MR+}
MPRegen  0.19/turn              E - ring "Ecvunwif" {rC++ Dex+4 Stlth-}

@: mighty, agile, heroism, flayed, hasted, very quick
A: large, unfitting armour, claws 3, iridescent scales 1, clever 1, fast
metabolism 3, gourmand, regeneration 1, shaggy fur 1, tough skin 3, wild magic 1
}: 2/15 runes: barnacled, gossamer
a: Heroism, Finesse, Renounce Religion


You were on level 5 of the Vaults.
You worshipped Okawaru.
Okawaru was exalted by your worship.
You were full.

You visited 8 branches of the dungeon, and saw 40 of its levels.
You also visited: Ice Cave and Wizlab.

You collected 3997 gold pieces.
You spent 3153 gold pieces at shops.

Inventory:

Hand Weapons
 a - a +9 battleaxe of freezing
 s - the +10 executioner's axe "Qaeqeake" {flame, Int+3 Dex+4}
   (Okawaru gifted it to you on level 14 of the Dungeon)

   It has been specially enchanted to burn those struck by it, causing extra
   injury to most foes and up to half again as much damage against particularly
   susceptible opponents.
   Big, fiery blades are also staple armaments of hydra-hunters.
   It affects your intelligence (+3).
   It affects your dexterity (+4).
 t - the +9 staff of Olgreb {rPois}
   (You found it on level 12 of the Dungeon)

   It protects you from poison.
 u - the +8 mithril axe "Arga" (weapon) {speed, MR+}
   (You took it off a deep elf knight on level 3 of the Elven Halls)

   Attacks with this weapon are significantly faster.
   It affects your resistance to hostile enchantments.
Missiles
 A - 32 large rocks (quivered)
 M - 37 javelins
 Z - 6 throwing nets
Armour
 w - the +0 shield of Ciysyipn {-Tele Regen+ Int+3 Dex+6}
   (You took it off a deep elf knight on level 3 of the Elven Halls)

   It affects your intelligence (+3).
   It affects your dexterity (+6).
   It prevents most forms of teleportation.
   It increases your rate of regeneration.
 z - a +2 hat of magic resistance (worn)
 C - +3 fire dragon scales (worn)
 S - a +2 shield of fire resistance (worn)
 W - a +2 cloak of magic resistance (worn)
Jewellery
 g - a +3 amulet of reflection (around neck)
 n - the ring "Razauv" {+Fly SInv}
   (You acquired it on level 2 of the Elven Halls)

   [ring of flight]

   It lets you see invisible.
   It lets you fly.
 r - the ring of Ixkifera (left claw) {rElec rPois rN+ MR+}
   (You found it on level 1 of the Vaults)

   [ring of poison resistance]

   It insulates you from electricity.
   It protects you from poison.
   It protects you from negative energy.
   It affects your resistance to hostile enchantments.
 E - the ring "Ecvunwif" (right claw) {rC++ Dex+4 Stlth-}
   (You took it off a deep elf death mage on level 3 of the Elven Halls)

   [ring of attention]

   It affects your dexterity (+4).
   It greatly protects you from cold.
   It makes you less stealthy.
 G - the ring "Etextorr" {rPois Dex+4}
   (You acquired it on level 1 of the Shoals)

   [ring of dexterity]

   It affects your dexterity (+4).
   It protects you from poison.
 I - the ring "Aqot Los" {EV+3 Dex+3}
   (You took it off a spriggan air mage in a wizard's laboratory)

   [ring of evasion]

   It affects your evasion (+3).
   It affects your dexterity (+3).
Wands
 o - a wand of clouds (3)
 p - a wand of digging (4)
 q - a wand of polymorph (8)
 y - a wand of acid (14)
 D - a wand of iceblast (21)
 F - a wand of scattershot (5)
 H - a wand of flame (1)
 L - a wand of paralysis (6)
 N - a wand of random effects (24)
 R - a wand of enslavement (7)
 U - a wand of disintegration (54)
Scrolls
 c - 7 scrolls of teleportation
 e - 13 scrolls of remove curse
 i - 4 scrolls of identify
 l - a scroll of silence
 v - 2 scrolls of fog
 V - a scroll of summoning
Potions
 b - a potion of invisibility
 j - 6 potions of curing
 k - 3 potions of haste
 m - a potion of resistance
 x - a potion of mutation
 K - 3 potions of flight
 O - a potion of cancellation
 Q - 6 potions of agility
Miscellaneous
 B - 2 phantom mirrors
 J - a lamp of fire
 P - 2 sacks of spiders
 T - a lightning rod (4/4)
Comestibles
 f - 33 rations


   Skills:
 + Level 19.4(24.4) Fighting
 - Level 20.5(25.5) Axes
 - Level 6.7(11.7) Throwing
 + Level 9.9(14.9) Armour
 - Level 7.5(12.5) Dodging
 - Level 1.2(6.2) Stealth
 + Level 12.6(17.6) Shields
 - Level 4.2(9.2) Unarmed Combat
 - Level 6.0 Invocations
 - Level 1.0 Evocations


You had 21 spell levels left.
You didn't know any spells.
Your spell library contained the following spells:

 Spells                   Type           Power        Failure   Level  Hunger
 Animate Skeleton         Necr           N/A          65%         1    ##.....
 Apportation              Tloc           #.....       65%         1    ##.....
 Beastly Appendage        Tmut           #.....       65%         1    ##.....
 Confusing Touch          Hex            #.....       65%         1    ##.....
 Flame Tongue             Conj/Fire      #....        65%         1    ##.....
 Freeze                   Ice            #...         65%         1    ##.....
 Magic Dart               Conj           #...         65%         1    ##.....
 Pain                     Necr           #...         65%         1    ##.....
 Shock                    Conj/Air       #...         65%         1    ##.....
 Summon Small Mammal      Summ           #...         65%         1    ##.....
 Blink                    Tloc           N/A          78%         2    ###....
 Call Imp                 Summ           #.......     78%         2    ###....
 Searing Ray              Conj           #.....       78%         2    ###....
 Shroud of Golubria       Chrm/Tloc      #.........   78%         2    ###....
 Slow                     Hex            #.......     78%         2    ###....
 Sticks to Snakes         Tmut           #.......     78%         2    ###....
 Sublimation of Blood     Necr           #.........   78%         2    ###....
 Throw Flame              Conj/Fire      #.....       78%         2    ###....
 Throw Frost              Conj/Ice       #.....       78%         2    ###....
 Call Canine Familiar     Summ           #.......     94%         3    ####...
 Conjure Flame            Conj/Fire      #.......     94%         3    ####...
 Dazzling Spray           Conj/Hex       #.....       94%         3    ####...
 Gell's Gravitas          Tloc           #.........   94%         3    ####...
 Ignite Poison            Fire/Tmut/Pois #.......     94%         3    ####...
 Inner Flame              Hex/Fire       #.......     94%         3    ####...
 Lesser Beckoning         Tloc           #.........   94%         3    ####...
 Mephitic Cloud           Conj/Pois/Air  #.......     94%         3    ####...
 Ozocubu's Armour         Chrm/Ice       #.......     94%         3    ####...
 Spider Form              Tmut/Pois      #.........   94%         3    ####...
 Summon Guardian Golem    Hex/Summ       #.......     94%         3    ####...
 Teleport Other           Tloc           #.......     94%         3    ####...
 Force Lance              Conj/Tloc      #.......     100%        4    #####..
 Fulminant Prism          Conj/Hex       #.........   100%        4    #####..
 Ice Form                 Ice/Tmut       #.......     100%        4    #####..
 Iskenderun's Mystic Bla  Conj           #.......     100%        4    #####..
 Passage of Golubria      Tloc           N/A          100%        4    #####..
 Sticky Flame             Conj/Fire      #.......     100%        4    #####..
 Summon Ice Beast         Ice/Summ       #.......     100%        4    #####..
 Summon Lightning Spire   Summ/Air       #.......     100%        4    #####..
 Throw Icicle             Conj/Ice       #.......     100%        4    #####..
 Agony                    Necr           #.......     100%        5    ######.
 Blade Hands              Tmut           #.........   100%        5    ######.
 Bolt of Magma            Conj/Fire/Erth #.........   100%        5    ######.
 Fireball                 Conj/Fire      #.........   100%        5    ######.
 Irradiate                Conj/Tmut      #.........   100%        5    ######.
 Iskenderun's Battlesphe  Conj/Chrm      #.......     100%        5    ######.
 Metabolic Englaciation   Hex/Ice        #.........   100%        5    ######.
 Venom Bolt               Conj/Pois      #.........   100%        5    ######.
 Bolt of Cold             Conj/Ice       #.........   100%        6    #######
 Bolt of Fire             Conj/Fire      #.........   100%        6    #######
 Conjure Ball Lightning   Conj/Air       #.........   100%        6    #######
 Freezing Cloud           Conj/Ice/Air   #.........   100%        6    #######
 Hydra Form               Tmut           #.........   100%        6    #######
 Iron Shot                Conj/Erth      #.........   100%        6    #######
 Ozocubu's Refrigeration  Ice            #.........   100%        6    #######
 Simulacrum               Ice/Necr       #.........   100%        6    #######
 Statue Form              Tmut/Erth      #........    100%        6    #######
 Dragon Form              Tmut           #.........   100%        7    #######
 Malign Gateway           Summ/Tloc      #.........   100%        7    #######
 Monstrous Menagerie      Summ           #.........   100%        7    #######
 Orb of Destruction       Conj           #.........   100%        7    #######
 Ring of Flames           Chrm/Fire      #.........   100%        7    #######
 Spellforged Servitor     Conj/Summ      #.........   100%        7    #######
 Summon Greater Demon     Summ           #.........   100%        7    #######
 Ignition                 Fire           #.........   100%        8    #######
 Summon Horrible Things   Summ           #.........   100%        8    #######


Dungeon Overview and Level Annotations

Branches:
Dungeon (15/15)            Temple (1/1) D:6            Lair (6/6) D:9
 Shoals (4/4) Lair:4       Spider (4/4) Lair:2        Slime (0/5) Lair:6
    Orc (2/2) D:10            Elf (3/3) Orc:2        Vaults (5/5) D:13
  Crypt (0/3) Vaults:2     Depths (0/5) D:15

Altars:
Cheibriados
Dithmenos
Elyvilon
Fedhas
Gozag
Hepliaklqana
Kikubaaqudgha
Makhleb
Nemelex Xobeh
Okawaru
Qazlal
Ru
Sif Muna
Trog
Uskayaw
Vehumet
Wu Jian
Xom
Yredelemnul
The Shining One
Beogh

Shops:
D:9 =   D:10 }   D:13 *=[=}   Orc:2 !!:!   Elf:2 [   Vaults:1 }   Vaults:2 }%
Vaults:3 }   Vaults:4 %

Annotations:
D:11 2 runed doors, exclusion: 2 doors, Violenta's ghost, journeyman MiBe
D:12 3 runed translucent doors, exclusion: 7 doors
D:13 exclusion: downstairs
D:15 3 runed doors, exclusion: 3 doors, jagoly's ghost, journeyman BaSu
Lair:3 exclusion: downstairs
Lair:5 exclusion: downstairs
Shoals:3 exclusion: downstairs
Shoals:4 exclusion: Roxanne, Roxanne
Orc:1 1 runed door, exclusion: door, Para's ghost, adept MiBe
Elf:1 2 transporters, Hahit's ghost, adept HOFi
Elf:2 2 transporters, 5 runed doors, exclusion: 5 doors, Jeuwaucy's ghost, journeyman MiFi


Innate Abilities, Weirdness & Mutations

You are too large for most types of armour.
You have claws for hands.
Your metabolism is lightning-fast.
You like to eat raw meat.
Your natural rate of healing is unusually fast.
You are covered in fur. (AC +1)
You have extremely tough skin. (AC +3)
You are partially covered in iridescent scales. (AC +2)
Your mind is acute. (Int +2)
Your spells are a little harder to cast, but a little more powerful.


Message History

There is a stone staircase leading up, spattered with blood here.
Items here: ( )) [ a +0 battleaxe; a +0 plate armour; a large rock; a runed war axe {god gift} You feel better.
You block the Executioner's attack. x2
The Executioner misses you. The Executioner hits you!
* * * LOW HITPOINT WARNING * * *
The Executioner completely misses you. You block the Executioner's attack.
The deep elf demonologist casts a spell.
The deep elf high priest shoots an arrow.
The arrow hits you but does no damage. The Executioner hits you!
* * * LOW HITPOINT WARNING * * *
The Executioner completely misses you. The Executioner closely misses you.
The tengu reaver points at you and mumbles some strange words.
The bolt of lightning misses you.
The bolt of lightning hits the Executioner!
The Executioner resists.
A barrage of energy appears from out of your range of vision.
The barrage of energy hits you!
You die...

#2...# .... #.3.)#
#.... . #..e%##%...
.'##....#...#
#......[e%#
##%....)%.##########
.....<<1)..}........
.%..<§§@§§........c.
....%§§§§§§..c.p....
.....§§QC§§.%.......
##..%*§§§§##########
..%.§.§§§§.......#.
##.#§.§§#§§.....#...
?%%#%..§#......#....
## #..C.#.....#.....
#...(#....#......


You could see a tengu reaver, an ettin, an Executioner, a blizzard demon, a deep
elf demonologist, a deep elf high priest and a neqoxec.

Vanquished Creatures
  2 golden dragons (Vaults:5)
  Jorgrun (Spider:2)
  A tentacled monstrosity (Vaults:5)
  A Cloud Mage (WizLab)
  The ghost of Busi the Markscentaur, an adept CeHu of Okawaru (Vaults:2)
  2 titans (Vaults:5)
  3 deep elf master archers (Elf:3)
  A deep elf blademaster (Elf:2)
  Frances (D:14)
  A quicksilver dragon (Vaults:5)
  Agnes (Spider:2)
  A tengu reaver (Vaults:4)
  A shadow dragon (Vaults:4)
  A sphinx (Vaults:2)
  Polyphemus (Shoals:3)
  A storm dragon (Vaults:5)
  A storm dragon (shapeshifter) (Vaults:3)
  Kirke (Lair:6)
  2 orc warlords (Orc:2)
  A frost giant (shapeshifter) (D:15)
  2 fire giants
  A fire giant (shapeshifter) (D:13)
  5 ghost moths
  3 emperor scorpions
  15 vault wardens
  Louise (Elf:2)
  A frost giant (Shoals:4)
  6 deep elf elementalists (Elf:3)
  15 ironheart preservers
  7 deep elf sorcerers
  3 stone giants
  3 entropy weavers
  11 very ugly things
  The ghost of mad the Slinger, a journeyman DDHu of Makhleb (Lair:6)
  4 deep elf demonologists
  Nessos (D:14)
  Azrael (Orc:2)
  A minotaur (Shoals:2)
  A dire elephant (Lair:6)
  7 deep elf annihilators
  9 spark wasps
  9 deep elf death magi
  3 blizzard demons (WizLab)
  6 ettins
  Snorg (Lair:6)
  5 merfolk javelineers
  3 deep elf high priests
  4 great orbs of eyes
  9 yaktaur captains
  4 fire dragons
  5 merfolk impalers
  4 hydras
  A great orb of eyes (shapeshifter) (Vaults:1)
  Harold (Lair:1)
  25 vault guards
  A rakshasa (Vaults:2)
  An ice dragon (shapeshifter) (Vaults:5)
  5 spriggan air magi (WizLab)
  A catoblepas (Shoals:4)
  4 ghost crabs (WizLab)
  5 ice dragons
  5 merfolk aquamancers
  3 satyrs
  2 alligator snapping turtles
  4 death knights
  6 merfolk avatars
  11 centaur warriors
  7 death yaks
  12 dancing weapons
  4 orc high priests (Orc:2)
  A queen ant (Spider:2)
  18 ogre magi
  55 two-headed ogres
  Urug (Lair:1)
  Sonja (D:11)
  17 deep elf knights
  A shadow wraith (Vaults:3)
  6 skeletal warriors
  13 sea snakes
  3 unseen horrors
  A hell knight (D:15)
  A glowing orange brain (Vaults:1)
  A glowing orange brain (shapeshifter) (Vaults:1)
  A wizard (Vaults:3)
  4 death drakes (WizLab)
  A phantasmal warrior (D:15)
  9 deep elf archers
  A wolf spider zombie (D:15)
  9 harpies
  12 ironbrand convokers
  37 wolf spiders
  13 orc knights
  19 orb spiders
  8 cyclopes
  14 fauns
  44 deep elf magi
  A wolf spider (shapeshifter) (Vaults:5)
  7 orc sorcerers
  19 ugly things
  2 moths of wrath
  A salamander (shapeshifter) (Vaults:2)
  14 manticores
  5 water nymphs
  2 apocalypse crabs (WizLab)
  10 elephants
  4 black mambas
  5 centaur zombies
  5 ice statues (IceCv)
  17 vault sentinels
  7 merfolk sirens
  Psyche (D:8)
  12 spiny frogs
  2 torpor snails
  4 gargoyles
  5 rime drakes (Lair:6)
  2 freezing wraiths
  A redback zombie (D:14)
  45 yaktaurs
  2 kobold demonologists (D:15)
  13 komodo dragons
  A yaktaur (shapeshifter) (Vaults:4)
  3 anaconda simulacra (IceCv)
  An efreet (D:12)
  16 demonic crawlers
  2 tengu conjurers
  A polar bear (shapeshifter) (Vaults:2)
  4 meliai
  4 polar bears
  9 trolls
  9 wind drakes
  32 merfolk
  29 jumping spiders
  20 blink frogs
  15 hornets
  18 slime creatures
  17 hippogriffs
  11 snapping turtles
  16 air elementals
  A centaur simulacrum (D:14)
  50 redbacks
  A spriggan (D:7)
  2 shadows
  25 tarantellas
  A dire elephant simulacrum (IceCv)
  A tarantella (shapeshifter) (Vaults:4)
  A wyvern (shapeshifter) (Vaults:1)
  7 hogs (Lair:6)
  2 vampires (D:13)
  11 wyverns
  55 yaks
  A human (shapeshifter) (Vaults:4)
  6 wraiths
  4 basilisks
  9 water elementals
  2 chaos spawn (D:8)
  2 vampire mosquitoes (D:12)
  7 fire elementals
  2 hungry ghosts
  9 wargs
  A yaktaur simulacrum (Vaults:2)
  5 acid dragons
  A hydra simulacrum (IceCv)
  An iron troll simulacrum (IceCv)
  3 harpy simulacra (IceCv)
  9 water moccasins
  3 hell hounds (Orc:2)
  10 porcupines
  4 sky beasts
  10 soldier ants (Spider:2)
  42 orc warriors
  9 ice beasts
  2 eyes of draining (D:13)
  57 ogres
  2 black bears
  A phantom (D:7)
  2 necrophages
  14 centaurs
  21 crocodiles
  3 big kobolds (D:15)
  12 bullfrogs
  A gnoll sergeant (D:10)
  6 earth elementals
  2 water moccasin skeletons
  3 scorpions
  4 killer bees (D:8)
  3 wights (D:6)
  6 howler monkeys
  3 electric eels
  3 crimson imps
  3 quasits
  A wyvern simulacrum (D:11)
  6 bullfrog zombies
  16 jellies
  6 hounds
  3 bullfrog skeletons
  32 orc priests
  3 centaur skeletons
  Crazy Yiuf (D:5)
  2 iguanas
  22 worker ants
  Natasha (thrice) (D:4)
  27 orc wizards
  A worker ant zombie (D:11)
  Robin (D:3)
  13 gnolls
  A howler monkey skeleton (D:5)
  6 adders
  5 shadow imps
  A white imp (Vaults:4)
  3 oozes
  4 worms
  2 dart slugs
  A leopard gecko (D:2)
  137 orcs
  5 giant cockroaches
  10 goblins
  10 hobgoblins
  9 jackals
  4 quokkas
  2 ball pythons (D:4)
  4 bats
  2 frilled lizards
  A jackal skeleton (D:6)
  7 kobolds
  2 leopard gecko skeletons
  11 rats
  2 fungi
  2 pillars of salt (Elf:1)
  42 plants
1814 creatures vanquished.

Vanquished Creatures (others)
  A vault warden (Vaults:3)
  3 yaktaur captains
  A deep elf knight (Elf:1)
  A deep elf archer (Elf:1)
  A centaur skeleton (D:14)
  9 yaktaurs
  A human (D:2)
  2 ogres
  A bullfrog skeleton (D:5)
  3 orcs
  7 fungi
  8 pillars of salt (Elf:1)
  23 plants
  4 tentacles (Shoals:4)
  2 withered plants (Orc:1)
67 creatures vanquished.

Grand Total: 1881 creatures vanquished

Notes
Turn   | Place    | Note
-------+----------+-------------------------------------------
     0 | D:1      | DrEnzyme the Troll Wanderer began the quest for the Orb.
     0 | D:1      | DrEnzyme set off with the following items: a +2 robe, a +0
                  | hand axe, a scroll of teleportation, 2 rations
     0 | D:1      | Reached XP level 1. HP: 19/19 MP: 0/0
   464 | D:1      | Reached XP level 2. HP: 28/28 MP: 1/1
   889 | D:2      | Found an ornate altar of the Wu Jian Council.
   936 | D:2      | Reached skill level 1 in Unarmed Combat
   938 | D:2      | Found an opulent altar of Gozag.
  1239 | D:2      | Found an ancient bone altar of Kikubaaqudgha.
  1239 | D:2      | Noticed a human
  1242 | D:2      | Killed a human
  1324 | D:2      | Reached XP level 3. HP: 30/35 MP: 2/2
  1513 | D:3      | Reached skill level 2 in Axes
  1639 | D:3      | Found a bloodstained altar of Trog.
  1690 | D:3      | Found a sparkling altar of Nemelex Xobeh.
  1823 | D:3      | Found a bloodstained altar of Trog.
  1937 | D:3      | Found an ancient bone altar of Kikubaaqudgha.
  1937 | D:3      | Found a radiant altar of Vehumet.
  1942 | D:3      | Found a shadowy altar of Dithmenos.
  1944 | D:3      | Found a sacrificial altar of Ru.
  1945 | D:3      | Found a shimmering altar of Xom.
  2065 | D:4      | Noticed Robin
  2261 | D:4      | Gained mutation: You are partially covered in iridescent
                  | scales. (AC +2) [potion of mutation]
  2261 | D:4      | Gained mutation: Your mind is acute. (Int +2) [potion of
                  | mutation]
  2261 | D:4      | Gained mutation: Your spells are a little harder to cast,
                  | but a little more powerful. [potion of mutation]
  2269 | D:4      | Reached XP level 4. HP: 19/42 MP: 3/3
  2370 | D:3      | Killed Robin
  2373 | D:3      | Reached skill level 3 in Axes
  2561 | D:4      | Noticed an ogre
  2699 | D:4      | Noticed an ogre
  2769 | D:4      | Noticed an ogre
  2868 | D:3      | Became a worshipper of Ru the Awakened
  2907 | D:4      | Noticed Natasha
  2926 | D:4      | Killed Natasha
  2926 | D:4      | Reached XP level 5. HP: 30/49 MP: 4/4
  3194 | D:5      | Entered Level 5 of the Dungeon
  3299 | D:5      | Noticed an ogre
  3341 | D:5      | Killed an ogre
  3341 | D:5      | Reached skill level 4 in Axes
  3412 | D:4      | Killed an ogre
  3412 | D:4      | Reached XP level 6. HP: 59/59 MP: 5/5
  3430 | D:4      | Noticed Natasha
  3447 | D:4      | Killed Natasha
  3593 | D:4      | Reached skill level 5 in Axes
  3593 | D:4      | Reached XP level 7. HP: 57/67 MP: 6/6
  3819 | D:4      | Noticed Natasha
  3823 | D:4      | Killed Natasha
  4061 | D:5      | Found a runed door.
  4102 | D:5      | Found a stormy altar of Qazlal.
  4500 | D:6      | Reached skill level 6 in Axes
  4629 | D:6      | Reached XP level 8. HP: 78/78 MP: 7/7
  4652 | D:6      | Found a staircase to the Ecumenical Temple.
  4669 | D:6      | Reached skill level 7 in Axes
  4734 | Temple   | Entered the Ecumenical Temple
  4751 | Temple   | Fell from the grace of Ru
  4751 | Temple   | Became a worshipper of Warmaster Okawaru
  4794 | D:6      | Found a basalt altar of Yredelemnul.
  4866 | D:6      | Found a blossoming altar of Fedhas.
  5031 | D:6      | Found a hide-covered altar of Uskayaw.
  5035 | D:6      | Reached skill level 8 in Axes
  5089 | D:7      | Reached * piety under Okawaru
  5106 | D:7      | Reached XP level 9. HP: 85/85 MP: 8/8
  5341 | D:7      | Found a glowing golden altar of the Shining One.
  6040 | D:8      | Reached skill level 9 in Axes
  6048 | D:8      | Found a snail-covered altar of Cheibriados.
  6819 | D:8      | Found the +7 mace of Variability {chain chaos}
  6821 | D:8      | Reached ** piety under Okawaru
  6821 | D:8      | Reached skill level 5 in Fighting
  6821 | D:8      | Reached skill level 10 in Axes
  6823 | D:8      | Found a shimmering altar of Xom.
  6913 | D:8      | Noticed Psyche
  6919 | D:8      | Paralysed by Psyche for 2 turns
  6924 | D:8      | Killed Psyche
  7063 | D:8      | Noticed a two-headed ogre
  7065 | D:8      | Killed a two-headed ogre
  7065 | D:8      | Reached XP level 10. HP: 96/96 MP: 9/9
  7195 | D:9      | Reached *** piety under Okawaru
  7397 | D:9      | Reached skill level 11 in Axes
  7504 | D:9      | Found Lygiv's Jewellery Emporium.
  7653 | D:9      | Found a staircase to the Lair.
  7689 | Lair:1   | Entered Level 1 of the Lair of Beasts
  7704 | D:10     | Entered Level 10 of the Dungeon
  7783 | D:10     | Found Tuppaiha's Gadget Emporium.
  7997 | D:10     | Found a staircase to the Orcish Mines.
  8012 | D:10     | Reached **** piety under Okawaru
  8012 | D:10     | Reached skill level 1 in Stealth
  8195 | D:10     | Noticed a great orb of eyes
  8209 | D:10     | Killed a great orb of eyes
  8209 | D:10     | Reached skill level 12 in Axes
  8726 | D:10     | Reached XP level 11. HP: 96/105 MP: 10/10
  8821 | D:10     | Identified a scroll of acquirement
  8934 | Orc:1    | Entered Level 1 of the Orcish Mines
  8940 | Orc:1    | Reached ***** piety under Okawaru
  9042 | Orc:1    | Noticed a two-headed ogre
  9042 | Orc:1    | Noticed an ogre mage
  9190 | Lair:1   | Noticed Harold
  9212 | Lair:1   | Received a gift from Okawaru
  9333 | Lair:1   | Noticed Urug
  9345 | Lair:1   | Killed Urug
  9859 | Lair:1   | Reached skill level 13 in Axes
 10073 | Lair:2   | Found a hole to the Spider Nest.
 10314 | D:9      | Bought an uncursed ring of poison resistance for 300 gold
                  | pieces
 11524 | Lair:3   | Reached XP level 12. HP: 102/115 MP: 11/11
 11653 | Lair:3   | Reached skill level 14 in Axes
 11836 | Lair:3   | Noticed a six-headed hydra
 11844 | Lair:3   | Killed a four-headed hydra
 12154 | Lair:4   | Reached skill level 5 in Dodging
 12196 | Lair:4   | Received a gift from Okawaru
 13257 | Lair:4   | Found a staircase to the Shoals.
 13449 | Lair:5   | Noticed a six-headed hydra
 13454 | Lair:5   | Noticed a death yak
 13481 | Lair:4   | Killed a five-headed hydra
 13871 | D:11     | Noticed a two-headed ogre
 13880 | D:11     | Killed a two-headed ogre
 13904 | D:11     | Found a runed door.
 13909 | D:11     | Found a runed door.
 13910 | D:11     | Noticed a deep troll earth mage
 13910 | D:11     | Noticed a sphinx
 13911 | D:11     | Noticed a centaur warrior
 13911 | D:11     | Noticed a lich
 13913 | D:11     | Noticed Violenta's ghost (journeyman MiBe)
 14167 | D:11     | Noticed Sonja
 14179 | D:11     | Killed Sonja
 14703 | D:12     | Received a gift from Okawaru
 14991 | Orc:1    | Killed a two-headed ogre
 14991 | Orc:1    | Reached XP level 13. HP: 132/132 MP: 9/12
 15025 | Orc:1    | Found a runed door.
 15025 | Orc:1    | Noticed Para's ghost (adept MiBe)
 15119 | Orc:1    | Found a roughly hewn altar of Beogh.
 15549 | Orc:2    | Entered Level 2 of the Orcish Mines
 15636 | Orc:2    | Reached ****** piety under Okawaru
 15774 | Orc:2    | Reached skill level 10 in Fighting
 15894 | Orc:2    | Noticed Azrael
 15912 | Orc:2    | Killed Azrael
 15912 | Orc:2    | Received a gift from Okawaru
 15916 | Orc:2    | Noticed an orc warlord
 15933 | Orc:2    | Killed an orc warlord
 15933 | Orc:2    | Reached skill level 15 in Axes
 16160 | Orc:2    | Noticed an ettin
 16440 | Orc:2    | Found a staircase to the Elven Halls.
 16704 | Orc:2    | Noticed an orc warlord
 16745 | Orc:2    | Found Wowimoull's Book Emporium.
 16892 | Orc:2    | Killed an orc warlord
 17094 | Orc:2    | Found Oxuytaqu's Distillery.
 17107 | Orc:2    | Bought 2 potions of agility for 104 gold pieces
 17107 | Orc:2    | Bought a potion of might for 52 gold pieces
 17107 | Orc:2    | Bought a potion of curing for 39 gold pieces
 17107 | Orc:2    | Bought a potion of curing for 39 gold pieces
 17118 | Orc:2    | Found a roughly hewn altar of Beogh.
 17727 | Lair:5   | Received a gift from Okawaru
 17727 | Lair:5   | Reached XP level 14. HP: 60/146 MP: 13/13
 18362 | Lair:6   | Entered Level 6 of the Lair of Beasts
 19468 | Lair:6   | Reached skill level 16 in Axes
 19550 | Lair:6   | Noticed Kirke
 20807 | D:12     | Received a gift from Okawaru
 20810 | D:12     | Identified the +10 battleaxe "Fogup" {drain, rC- rN+ Str+4}
                  | (Okawaru gifted it to you on level 12 of the Dungeon)
 21034 | D:12     | Found a runed translucent door.
 21034 | D:12     | Found a runed translucent door.
 21034 | D:12     | Found a runed translucent door.
 21055 | D:12     | Found the +9 staff of Olgreb {rPois}
 21172 | D:12     | Got a flickering granite ring
 21199 | D:12     | Noticed an emperor scorpion
 21215 | D:12     | Identified the ring "Ydupp" {*Corrode +Fly Str+6} (You
                  | found it on level 12 of the Dungeon)
 21409 | Spider:1 | Entered Level 1 of the Spider Nest
 22013 | Spider:1 | Received a gift from Okawaru
 22294 | Spider:1 | Reached XP level 15. HP: 92/158 MP: 14/14
 24079 | D:13     | Reached skill level 17 in Axes
 24154 | D:13     | Found a gate to the Vaults.
 24176 | D:13     | Reached skill level 1 in Armour
 24371 | D:13     | Received a gift from Okawaru
 24433 | D:13     | Found Tuwep's Gadget Shop.
 24442 | D:13     | Bought a lamp of fire for 640 gold pieces
 24531 | D:13     | Found Zomiaxoz's Jewellery Boutique.
 24552 | D:13     | Found Zeaz's Armour Shop.
 24560 | D:13     | Bought a +1 cloak of magic resistance for 165 gold pieces
 24613 | D:13     | Found Amniave's Jewellery Boutique.
 24664 | D:13     | Found Jawoy's General Store.
 24672 | D:13     | Bought a scroll of enchant armour for 105 gold pieces
 24933 | D:14     | Noticed Nessos
 25312 | Orc:2    | HP: 6/159 [orc sorcerer/bolt of negative energy (26)]
 25543 | Orc:2    | Found Hirphuarph's Distillery.
 25564 | Orc:2    | Found Aloel's Distillery.
 25620 | Orc:2    | Bought a potion of heal wounds for 50 gold pieces
 25620 | Orc:2    | Bought a potion of curing for 30 gold pieces
 25684 | Orc:2    | Found a roughly hewn altar of Beogh.
 26397 | Shoals:1 | Entered Level 1 of the Shoals
 27893 | Shoals:1 | Got a wavering platinum ring
 27894 | Shoals:1 | Identified the ring "Etextorr" {rPois Dex+4} (You acquired
                  | it on level 1 of the Shoals)
 27985 | Shoals:2 | Received a gift from Okawaru
 28344 | Shoals:2 | Reached XP level 16. HP: 163/170 MP: 15/15
 28709 | Shoals:2 | Reached skill level 18 in Axes
 29163 | Shoals:2 | Found a hide-covered altar of Uskayaw.
 31683 | Shoals:4 | Entered Level 4 of the Shoals
 31984 | Shoals:4 | Received a gift from Okawaru
 32206 | Shoals:4 | Noticed Polyphemus
 32349 | Shoals:3 | Killed Polyphemus
 32578 | Shoals:4 | Reached skill level 5 in Armour
 33196 | Shoals:4 | Identified the +5 ring mail of the Apprentice {rF++ Int-5}
 33967 | Shoals:4 | Reached skill level 19 in Axes
 34384 | Shoals:4 | Identified Roxanne's Reference Book on Shape Shifting
 34385 | Shoals:4 | Noticed Roxanne
 34389 | Shoals:4 | Noticed a kraken
 34541 | Shoals:4 | Reached XP level 17. HP: 111/179 MP: 16/16
 35128 | Shoals:4 | Got a barnacled rune of Zot
 35779 | D:14     | Received a gift from Okawaru
 35785 | D:14     | Killed Nessos
 35794 | D:14     | Got a bone executioner's axe {god gift}
 35856 | D:13     | Identified the +10 executioner's axe "Qaeqeake" {flame,
                  | Int+3 Dex+4} (Okawaru gifted it to you on level 14 of the
                  | Dungeon)
 35865 | D:13     | Bought a potion of might for 56 gold pieces
 35865 | D:13     | Bought a scroll of fog for 28 gold pieces
 35977 | Orc:2    | Bought a potion of haste for 100 gold pieces
 35977 | Orc:2    | Bought a potion of agility for 40 gold pieces
 35977 | Orc:2    | Bought a potion of haste for 100 gold pieces
 35987 | Orc:2    | Bought a potion of might for 40 gold pieces
 35987 | Orc:2    | Bought a potion of haste for 100 gold pieces
 36236 | Spider:2 | Noticed Jorgrun
 36252 | Spider:2 | Killed Jorgrun
 37498 | Spider:3 | Noticed Agnes
 37510 | Spider:2 | Killed Agnes
 37654 | Spider:2 | Received a gift from Okawaru
 37814 | Spider:2 | Got a translucent steel ring
 37815 | Spider:2 | Identified the ring "Jaahaes" {*Corrode Int+5 Dex+4} (You
                  | acquired it on level 2 of the Spider Nest)
 38478 | Spider:4 | Entered Level 4 of the Spider Nest
 38564 | Spider:4 | Received a gift from Okawaru
 39165 | Spider:4 | Got a flickering ivory ring
 39166 | Spider:4 | Identified the ring "Yxtam" {*Tele rPois MP+9 Str-4 Dex+3}
                  | (You found it on level 4 of the Spider Nest)
 40354 | Spider:4 | Reached skill level 20 in Axes
 40356 | Spider:4 | Reached XP level 18. HP: 64/192 MP: 0/17
 41057 | Spider:4 | Got a gossamer rune of Zot
 41370 | D:14     | Reached skill level 15 in Fighting
 41886 | D:14     | Noticed Frances
 41898 | D:14     | Killed Frances
 42049 | D:15     | Entered Level 15 of the Dungeon
 42149 | D:15     | Found a runed gate.
 42152 | D:15     | Noticed jagoly's ghost (journeyman BaSu)
 42154 | D:15     | Found a runed gate.
 42154 | D:15     | Found a runed gate.
 42181 | D:15     | Found a staircase to the Depths.
 42260 | D:15     | Received a gift from Okawaru
 43109 | D:15     | Found a deep blue altar of Sif Muna.
 43223 | Vaults:1 | Entered Level 1 of the Vaults
 43709 | Vaults:1 | HP: 8/196 [two-headed ogre/cursed -2 giant club[an
                  | ironheart preserver] (3)]
 44572 | Vaults:1 | Received a gift from Okawaru
 45064 | Elf:1    | Entered Level 1 of the Elven Halls
 45070 | Elf:1    | Found a frozen archway.
 45085 | IceCv    | Entered an ice cave
 45255 | IceCv    | Received a gift from Okawaru
 46213 | Elf:1    | Upgraded the game from 0.23-a0-819-g6debee6 to
                  | 0.23-a0-828-g036b721
 46579 | Elf:1    | Noticed Hahit's ghost (adept HOFi)
 46582 | Elf:1    | Found a transporter.
 46737 | Elf:1    | Found a transporter.
 47502 | Elf:1    | Reached XP level 19. HP: 136/206 MP: 18/18
 48094 | Elf:2    | Found a transporter.
 48104 | Elf:2    | Identified the +9 rapier "Sarcophage" {antimagic, rPois}
 48104 | Elf:2    | Identified the cursed +3 rapier of Uskayaw {freeze, +Blink}
 48105 | Elf:2    | Noticed Jeuwaucy's ghost (journeyman MiFi)
 48314 | Elf:2    | Found a bloodstained altar of Trog.
 48317 | Elf:2    | Identified the +8 longbow "Zoajuza" {freeze, -Tele Int+3
                  | Stlth+}
 48529 | Elf:2    | Found Nugy's Antique Armour Boutique.
 48536 | Elf:2    | Found a transporter.
 49135 | Elf:2    | Found a huge runed gate.
 49135 | Elf:2    | Found a huge runed gate.
 49136 | Elf:2    | Found a huge runed gate.
 49137 | Elf:2    | Found a huge runed gate.
 49145 | Elf:2    | Found a huge runed gate.
 49150 | Elf:2    | Noticed Louise
 49165 | Elf:2    | Killed Louise
 49165 | Elf:2    | Received a gift from Okawaru
 49246 | Elf:3    | Entered Level 3 of the Elven Halls
 49283 | Elf:2    | Got a crude turquoise ring
 49284 | Elf:2    | Identified the ring "Razauv" {+Fly SInv} (You acquired it
                  | on level 2 of the Elven Halls)
 51024 | Elf:3    | Identified the cursed +1 battleaxe "Suado" {freeze, Dex+2}
 51124 | Elf:3    | Identified the +0 shield of Ciysyipn {-Tele Regen+ Int+3
                  | Dex+6}
 51869 | Elf:3    | Identified the +4 halberd "Nimont" {antimagic, rN+ MR+
                  | Str+3 Dex+4}
 51869 | Elf:3    | Identified the ring "Ecvunwif" {rC++ Dex+4 Stlth-}
 52077 | Elf:3    | Received a gift from Okawaru
 52122 | Elf:3    | Identified the Guide on Freezing Evil
 52637 | Lair:1   | Upgraded the game from 0.23-a0-828-g036b721 to
                  | 0.23-a0-829-ge13c4b7
 52766 | D:5      | Noticed Crazy Yiuf
 52769 | D:5      | Killed Crazy Yiuf
 53060 | Lair:1   | Killed Harold
 53773 | Lair:6   | Killed Kirke
 53812 | Lair:6   | Found a staircase to the Slime Pits.
 53913 | Lair:6   | Found a large runed door.
 53926 | Lair:6   | Found a large runed door.
 53929 | Lair:6   | Noticed mad's ghost (journeyman DDHu)
 53956 | Lair:6   | Noticed Snorg
 53964 | Lair:6   | Killed Snorg
 54232 | Lair:6   | Reached XP level 20. HP: 221/221 MP: 19/19
 54433 | Lair:6   | Killed mad's ghost
 54721 | Vaults:1 | Received a gift from Okawaru
 55146 | Vaults:1 | Reached skill level 5 in Shields
 55598 | Vaults:1 | Found Tytsoick's Gadget Emporium.
 55606 | Vaults:1 | Bought a wand of clouds (3) for 336 gold pieces
 55718 | Vaults:1 | Got a scorched wooden ring
 55719 | Vaults:1 | Identified the ring of Ixkifera {rElec rPois rN+ MR+} (You
                  | found it on level 1 of the Vaults)
 56352 | Vaults:2 | Found Micet's Gadget Shoppe.
 56391 | Vaults:2 | Found a magical portal.
 56397 | WizLab   | Entered The Chambers of the Cloud Mage
 56895 | WizLab   | Identified the ring "Aqot Los" {EV+3 Dex+3}
 57567 | WizLab   | Found the +8 storm bow {elec}
 57626 | WizLab   | Identified the Reference Book on Lightness
 57980 | Vaults:2 | Found Ewkebyfe's Food Shop.
 58061 | Vaults:2 | Received a gift from Okawaru
 58230 | Vaults:2 | Reached skill level 10 in Shields
 58514 | Vaults:2 | Found a runed door.
 59103 | Vaults:2 | Noticed Busi's ghost (adept CeHu)
 59241 | Vaults:2 | Found a staircase to the Crypt.
 59241 | Vaults:2 | Found a basalt altar of Yredelemnul.
 59242 | Vaults:2 | Found an ancient bone altar of Kikubaaqudgha.
 59283 | Vaults:2 | Received a gift from Okawaru
 59440 | Vaults:2 | Reached XP level 21. HP: 143/224 MP: 20/20
 60137 | Vaults:2 | Killed Busi's ghost
 60194 | Vaults:3 | Reached skill level 1 in Invocations
 60530 | Vaults:3 | Reached skill level 5 in Invocations
 60901 | Vaults:3 | Found Qukhy's Gadget Shoppe.
 60995 | Vaults:3 | Bought a phantom mirror for 390 gold pieces
 60995 | Vaults:3 | Bought a phantom mirror for 390 gold pieces
 61007 | Vaults:3 | Reached skill level 1 in Throwing
 61596 | Vaults:4 | Received a gift from Okawaru
 61676 | Vaults:4 | Reached skill level 5 in Throwing
 62657 | Vaults:4 | Reached XP level 22. HP: 177/236 MP: 25/25
 62710 | Vaults:4 | Found Cywihiud's Food Emporium.
 63625 | D:13     | Bought a scroll of immolation for 49 gold pieces
 63948 | Vaults:5 | Entered Level 5 of the Vaults
 63955 | Vaults:5 | Received a gift from Okawaru
 63986 | Vaults:5 | Identified the ring "Nooxtem" {rElec rN+}
 63988 | Vaults:5 | Identified the ring "Wuhan" {+Inv rC+ Slay+2 Stlth+}
 63992 | Vaults:5 | Noticed a golden dragon
 64004 | Vaults:5 | Received a gift from Okawaru
 64051 | Vaults:5 | Noticed a golden dragon
 64084 | Vaults:5 | Killed a golden dragon
 64090 | Vaults:5 | Killed a golden dragon
 64117 | Vaults:5 | HP: 8/244 [Executioner[a deep elf demonologist] (10)]
 64117 | Vaults:5 | Killed from afar by a battlesphere

Vault maps used:
D:1:      dpeg_arrival_rhombus
D:2:      lemuel_round_altar, lemuel_coloured_pillars_altar, chequers_garden,
          tgw_kikubaaqudgha
D:3:      lemuel_round_altar, chequers_temple_overflow_minitemple,
          nemelex_xobeh_ov_fountains_minmay, hex_tiny, bloody_trog
D:4:      portal_sewer_entry_b, first_ration, uniq_natasha, uniq_robin
D:5:      mrwooster_statue_mirror, grunt_qazlal_clouds, uniq_crazy_yiuf_cottage
D:6:      old_standard_altar, lemuel_crystal_altar,
          minmay_temple_entry_junction, fedhas_bush_and_centaur_altar
D:7:      tso_altar, the_bakery
D:8:      old_standard_altar, minmay_guarded_unrand_variability, uniq_psyche
D:9:      david_lair_shrubbed, serial_shops, shop
D:10:     hiddenorc2_lemuel, serial_shops, shop, minmay_three_doors
D:11:     muffindrake_ghost_dual_entry, uniq_sonja
D:12:     minmay_the_grid_triangle_9x9_rhombus_thin, serial_column_ruins,
          column_ruins_hut_ruined, column_ruins_hut, column_ruins_open_tiny,
          column_ruins_open_tiny, column_ruins_open_tiny, column_ruins_grid_1,
          column_ruins_columns_straight, kennysheep_generic_room_5
D:13:     skrybe_vaults_entry_preservation, serial_shops, shop_fountains, shop,
          shop, nicolae_shop_waterfront, shop
D:14:     minivault_23, uniq_frances, uniq_nessos
D:15:     hangedman_depths_entry_civil_slaughter, lemuel_blue_sif_altar,
          gammafunk_ghost_hydra_chop
Temple:   compressed_dpeg_triangle_lava_temple
Lair:1:   grunt_megastairs_2, infiniplex_staircase_pool_2, serial_bayou_shore_a,
          serial_bayou_shore_b, uniq_urug, uniq_harold
Lair:2:   spider_nest_entry_webs, grunt_megastairs_4
Lair:4:   elwin_shoals_entry_rooms
Lair:6:   gammafunk_lair_ancient_temple, minmay_slime_entry_jelly_boxes,
          ebering_ghost_disaster_area, infiniplex_staircase_pool,
          lemuel_fruit_tree, uniq_snorg, uniq_kirke
Shoals:2: regret_index_shoals_crete
Shoals:4: shoals_end_grunt_ice, nicolae_shoals_kraken_intersection,
          uniq_polyphemus, uniq_roxanne
Spider:2: minmay_another_anthill, uniq_jorgrun
Spider:3: uniq_agnes
Spider:4: grunt_spider_rune_island
Orc:1:    basic_altar, gammafunk_ghost_grave
Orc:2:    pubby_orc_utopia, uniq_azrael
Elf:1:    gammafunk_ghost_arena, portal_ice_cave_entry_pillars_2,
          portal_desolation_entry_garden, kennysheep_underground_church
Elf:2:    gammafunk_ghost_wrathful_warriors, serial_shops, shop, uniq_louise,
          uniq_asterion
Elf:3:    minmay_elf_hall_quartered_circle
Vaults:1: nicolae_vaults_triangles, vaults_room_ringed_pool,
          grunt_vaults_hallway_long, v_alt_pattern_1, vaults_room_hallway,
          st_eye, nicolae_vaults_alarming, vaults_room_stairs_pillars,
          vaults_dpeg_hooks, nicolae_vaults_little_squares_1, serial_shops, shop
Vaults:2: ebering_vaults_ghost_reflecting_pool, v_alt_pattern_1,
          hangedman_vaults_pinch, v_misc_28, ontoclasm_vaults_eye,
          minmay_crypt_entry_necro_gods, v_misc_17,
          nicolae_vaults_border_crossing, nicolae_vaults_bisected_exclaves,
          hangedman_vaults_nails, vaults_dpeg_diagonal, v_misc_13,
          infiniplex_enter_wizlab_spiral, serial_shops, shop, shop
Vaults:3: hangedman_vaults_impose, vaults_standard_mumra_x,
          nicolae_vaults_specimen_jars, v_misc_30, vaults_room_octagon,
          nicolae_vaults_little_ls, hangedman_vaults_locks,
          hangedman_vaults_snaps, ontoclasm_vaults_fault,
          nicolae_vaults_rhombus_6, serial_shops, shop
Vaults:4: kb_rosetta, vaults_room_octagon, ontoclasm_vaults_chip, serial_ice_h,
          ontoclasm_vaults_idyll, v_misc_18, v_misc_31,
          ontoclasm_vaults_decontamination, v_pattern_2, vaults_mumra_hex,
          hangedman_vaults_stitches, nicolae_vaults_little_squares_4,
          hangedman_vaults_stretched_pinwheel, serial_shops, shop
IceCv:    ice_cave_statue_garden_chambered
WizLab:   wizlab_cloud

Skill      XL: |  1  2  3  4  5  6  7  8  9 10 11 12 13 14 15 16 17 18 19 20 21 22 |
---------------+-------------------------------------------------------------------+-----
Unarmed Combat | 1 2 3 4 |  4.2
Fighting       | 2 3 4 5 6 9 11 12 13 14 16 17 18 19 | 19.4
Axes           | 2 3 4 5 6 8 10 12 13 14 15 16 17 19 20 | 20.5
Stealth        | 1 |  1.2
Dodging        | 6 7 |  7.5
Armour         | 3 5 7 8 9 |  9.9
Shields        | 2 11 12 | 12.6
Invocations    | 6 |  6.0
Throwing       | 6 |  6.7
Evocations     | |  1.0

Action                   |  1- 3 |  4- 6 |  7- 9 | 10-12 | 13-15 | 16-18 | 19-21 | 22-24 || total
-------------------------+-------+-------+-------+-------+-------+-------+-------+-------++-------
Melee: Hand axe          |   149 |   144 |   116 |       |       |       |       |       ||   409
       Punch             |       |     2 |     1 |       |       |       |       |       ||     3
       Battleaxe         |       |       |   146 |   584 |  1173 |  1360 |   768 |       ||  4031
       Unarmed           |       |       |       |       |     1 |       |    41 |       ||    42
       Executioner's axe |       |       |       |       |       |    65 |       |       ||    65
       Broad axe         |       |       |       |       |       |       |   729 |    86 ||   815
Throw: Javelin           |       |       |       |     1 |     4 |    57 |     3 |       ||    65
       Large rock        |       |       |       |       |    41 |    93 |    51 |       ||   185
       Throwing net      |       |       |       |       |     1 |       |       |       ||     1
Invok: Reject Sacrifices |       |       |     1 |       |       |       |       |       ||     1
       Heroism           |       |       |       |     9 |    22 |    28 |     3 |     2 ||    64
       Finesse           |       |       |       |     1 |     5 |     5 |     2 |     2 ||    15
Evoke: Wand              |       |       |       |    11 |    11 |    42 |     3 |       ||    67
       Lamp of fire      |       |       |       |       |     1 |     3 |       |       ||     4
  Use: Scroll            |     8 |     4 |     6 |    12 |    26 |    31 |    11 |     9 ||   107
       Potion            |     4 |       |     1 |       |    11 |    24 |     4 |    10 ||    54
 Stab: Sleeping          |       |       |     4 |    12 |       |       |       |       ||    16
       Distracted        |       |       |       |     2 |       |       |       |       ||     2
       Held in net/web   |       |       |       |       |     1 |       |       |       ||     1
       Invisible         |       |       |       |       |       |     1 |       |       ||     1
       Paralysed         |       |       |       |       |       |     4 |       |       ||     4
  Eat: Chunk             |    21 |    15 |    32 |    88 |   115 |   107 |   128 |       ||   506
       Ration            |     1 |       |       |       |     2 |    20 |     4 |     3 ||    30
Armor: Robe              |    66 |    42 |   134 |   253 |    12 |       |       |       ||   507
       Troll leather arm |       |       |       |       |   252 |       |       |       ||   252
       Fire dragon scale |       |       |       |       |   430 |   889 |   495 |    27 ||  1841
Dodge: Dodged            |    88 |    77 |   143 |   322 |   650 |   793 |   424 |    33 ||  2530
Block: Other             |    23 |    22 |    32 |    60 |   137 |   183 |    54 |       ||   511
       Reflection        |       |       |     1 |     2 |     3 |    21 |    72 |    16 ||   115
       Large shield      |       |       |       |       |       |       |    39 |       ||    39
       Shield            |       |       |       |       |       |       |   360 |    43 ||   403

Table legend:
 A = Non-vault XP
 B = Vault XP
 C = Vault XP percentage of total XP
 D = Non-vault monster count
 E = Vault monster count
 F = Vault count percentage of total count
                 A         B        C        D         E       F
            +---------+---------+-------+---------+---------+-------
      Total |  401947 |  382028 |  48.7 |    1105 |     679 |  38.1
            +---------+---------+-------+---------+---------+-------
        D:1 |      12 |       0 |   0.0 |       7 |       0 |   0.0
        D:2 |      32 |       0 |   0.0 |      15 |       0 |   0.0
        D:3 |      22 |      26 |  54.2 |      14 |       6 |  30.0
        D:4 |     573 |      67 |  10.5 |      17 |      11 |  39.3
        D:5 |     380 |      37 |   8.9 |      12 |       1 |   7.7
        D:6 |    1491 |     110 |   6.9 |      32 |       1 |   3.0
        D:7 |     387 |     224 |  36.7 |      12 |       1 |   7.7
        D:8 |    1918 |     814 |  29.8 |      28 |       3 |   9.7
        D:9 |    1437 |     355 |  19.8 |      23 |       1 |   4.2
       D:10 |    2259 |    1535 |  40.5 |      26 |      35 |  57.4
       D:11 |    3336 |     814 |  19.6 |      16 |       1 |   5.9
       D:12 |   10820 |    5866 |  35.2 |      60 |      14 |  18.9
       D:13 |   18131 |    6889 |  27.5 |      63 |      11 |  14.9
       D:14 |    7424 |    3758 |  33.6 |      30 |       2 |   6.2
       D:15 |   12931 |    6179 |  32.3 |      32 |       6 |  15.8
     Lair:1 |    1967 |    1913 |  49.3 |      11 |       3 |  21.4
     Lair:2 |    3944 |    1529 |  27.9 |      17 |       6 |  26.1
     Lair:3 |    6044 |       0 |   0.0 |      20 |       0 |   0.0
     Lair:4 |    7005 |     728 |   9.4 |      24 |       2 |   7.7
     Lair:5 |    9121 |     874 |   8.7 |      25 |       4 |  13.8
     Lair:6 |    7770 |   15205 |  66.2 |      35 |      46 |  56.8
   Shoals:1 |    9016 |     304 |   3.3 |      18 |       1 |   5.3
   Shoals:2 |   13676 |    6684 |  32.8 |      26 |      12 |  31.6
   Shoals:3 |   16138 |    6897 |  29.9 |      34 |       6 |  15.0
   Shoals:4 |   10584 |   17497 |  62.3 |      22 |      27 |  55.1
   Spider:1 |   21064 |       0 |   0.0 |      52 |       0 |   0.0
   Spider:2 |   13050 |   11295 |  46.4 |      37 |      29 |  43.9
   Spider:3 |   14140 |       0 |   0.0 |      31 |       0 |   0.0
   Spider:4 |   10102 |   24258 |  70.6 |      27 |      42 |  60.9
      Orc:1 |    3218 |       0 |   0.0 |      18 |       0 |   0.0
      Orc:2 |       0 |   25726 | 100.0 |       0 |     151 | 100.0
      Elf:1 |   16829 |    3911 |  18.9 |      24 |       6 |  20.0
      Elf:2 |   18858 |    7946 |  29.6 |      33 |       6 |  15.4
      Elf:3 |    9111 |   42093 |  82.2 |      17 |      28 |  62.2
   Vaults:1 |   36325 |   16510 |  31.2 |      56 |      21 |  27.3
   Vaults:2 |   48316 |   26011 |  35.0 |      91 |      34 |  27.2
   Vaults:3 |   32870 |   16950 |  34.0 |      51 |      22 |  30.1
   Vaults:4 |   18180 |   33825 |  65.0 |      32 |      37 |  53.6
   Vaults:5 |   13466 |   62673 |  82.3 |      17 |      46 |  73.0
      IceCv |       0 |    7943 | 100.0 |       0 |      22 | 100.0
     WizLab |       0 |   24582 | 100.0 |       0 |      35 | 100.0
            +---------+---------+-------+---------+---------+-------
